 Dungeon Crawl Stone Soup version 0.24.0-1-gfbc8707 (webtiles) character file.

Game seed: 8896210265754456874, levelgen mode: deterministic

25165 MacrostheBlack the Fighter (level 13, 0/84 HPs)
             Began as a Gargoyle Earth Elementalist on Nov 7, 2019.
             Was the Champion of Okawaru.
             Slain by a salamander
             ... wielding a +2 halberd
              (8 damage)
             ... in a volcano.
             The game lasted 01:28:11 (18364 turns).

MacrostheBlack the Fighter (GrEE)                  Turns: 18364, Time: 01:28:15

Health: 0/84       AC: 29    Str: 13    XL:     13   Next: 17%
Magic:  22/23      EV: 11    Int: 25    God:    Okawaru [******]
Gold:   702        SH:  5    Dex: 16    Spells: 19/26 levels left

rFire    + . .     SeeInvis +   e - +3 trident "Jetuaz" {elec, Int+2 Dex+6 SInv}
rCold    + . .     Gourm    .   g - +0 buckler
rNeg     + . .     Faith    .   X - +4 scale mail {rF+}
rPois    ∞         Spirit   .   L - +2 helmet {Int+3}
rElec    +         Reflect  .   B - +2 cloak
rCorr    .         Harm     .   (no gloves)
MR       .....                  K - +0 pair of boots
Stlth    +.........             x - amulet of rage
HPRegen  0.24/turn              t - ring of protection from cold
MPRegen  0.18/turn              a - ring of flight

@: no status effects
A: negative energy resistance 1, electricity resistance, unbreathing,
petrification resistance, rot immunity, AC +9
a: Heroism, Finesse, Renounce Religion, Evoke Berserk Rage, Evoke Flight


You were in a volcano.
You worshipped Okawaru.
Okawaru was exalted by your worship.
You were very hungry.

You visited 3 branches of the dungeon, and saw 15 of its levels.
You also visited: Volcano.

You collected 956 gold pieces.
You spent 254 gold pieces at shops.

Inventory:

Hand Weapons
 e - the +3 trident "Jetuaz" (weapon) {elec, Int+2 Dex+6 SInv}
   (You bought it in a shop on level 6 of the Dungeon)

   Occasionally, upon striking a foe, it will discharge some electrical energy
   and cause terrible harm.
   It affects your intelligence (+2).
   It affects your dexterity (+6).
   It lets you see invisible.
 k - the +5 flail "Kenogreth" {flame, rC++ MR+}
   (You found it on level 7 of the Dungeon)

   It has been specially enchanted to burn those struck by it, causing extra
   injury to most foes and up to half again as much damage against particularly
   susceptible opponents.
   It greatly protects you from cold.
   It affects your resistance to hostile enchantments.
 F - a +0 shortbow
 W - a +1 eveningstar
Missiles
 i - 144 sling bullets
 w - 143 arrows
 E - 125 bolts
 R - 14 stones (quivered)
Armour
 g - a +0 buckler (worn)
 B - a +2 cloak (worn)
 K - a +0 pair of boots (worn)
 L - a +2 helmet of intelligence (worn)
 X - a +4 scale mail of fire resistance (worn)
Jewellery
 a - a ring of flight (right hand)
 t - a ring of protection from cold (left hand)
 v - an uncursed ring of ice
 x - an amulet of rage (around neck)
 N - an uncursed ring of ice
Wands
 h - a wand of iceblast (20)
 m - a wand of disintegration (11)
 u - a wand of digging (6)
 O - a wand of acid (11)
 P - a wand of flame (22)
 V - a wand of random effects (24)
Scrolls
 n - a scroll of vulnerability {unknown}
 q - 2 scrolls of immolation {unknown}
 r - 5 scrolls of amnesia
 s - a scroll of fog {unknown}
 y - 4 scrolls of identify
 z - 6 scrolls of teleportation
 A - 4 scrolls of enchant armour {unknown}
 C - 2 scrolls of magic mapping
 D - 2 scrolls of fear {unknown}
 G - 2 scrolls of summoning
 I - a scroll of torment {unknown}
 J - a scroll of holy word {unknown}
 M - a scroll of blinking {unknown}
 Q - 4 scrolls of remove curse
 S - a scroll of random uselessness {unknown}
Potions
 c - a potion of heal wounds {unknown}
 f - a potion of might {unknown}
 j - a potion of curing
 l - a potion of lignification {unknown}
 o - a potion of berserk rage {unknown}
 p - a potion of brilliance
 H - 2 potions of magic
 T - a potion of ambrosia {unknown}
 U - a potion of agility {unknown}
Comestibles
 b - 2 chunks of flesh
 d - 29 rations


   Skills:
 * Level 10.8 Fighting
 * Level 7.2 Maces & Flails
 + Level 7.5 Armour
 + Level 3.3 Dodging
 - Level 2.1 Stealth
 - Level 4.0 Shields
 - Level 7.0 Spellcasting
 - Level 8.1 Conjurations
   Level 0.7 Transmutations
 - Level 6.0 Fire Magic
 - Level 10.0 Earth Magic
 + Level 6.0 Invocations
 - Level 4.0 Evocations


You had 19 spell levels left.
You knew the following spells:

 Your Spells              Type           Power        Failure   Level  Hunger
a - Sandblast             Erth           ######       1%          1    None
b - Stone Arrow           Conj/Erth      ######       1%          3    None
c - Conjure Flame         Conj/Fire      #####...     4%          3    None

Your spell library contained the following spells:

 Spells                   Type           Power        Failure   Level  Hunger
 Flame Tongue             Conj/Fire      #####        1%          1    None
 Magic Dart               Conj           ####         1%          1    None
 Throw Flame              Conj/Fire      #####.       2%          2    None
 Sting                    Conj/Pois      ####         4%          1    None
 Passwall                 Tmut/Erth      #####...     4%          2    None
 Lee's Rapid Deconstruct  Erth           ######....   12%         5    #####..
 Dazzling Spray           Conj/Hex       ####..       14%         3    None
 Sticky Flame             Conj/Fire      #####...     14%         4    ###....
 Inner Flame              Hex/Fire       ###.....     22%         3    None
 Animate Skeleton         Necr           N/A          26%         1    None
 Corona                   Hex            #......      26%         1    None
 Pain                     Necr           #...         26%         1    None
 Bolt of Magma            Conj/Fire/Erth #####.....   26%         5    #####..
 Petrify                  Tmut/Erth      #####...     28%         4    ###....
 Ensorcelled Hibernation  Hex/Ice        #.....       36%         2    None
 Fireball                 Conj/Fire      #####.....   36%         5    #####..
 Fulminant Prism          Conj/Hex       ####......   43%         4    ###....
 Confuse                  Hex            #.......     58%         3    None
 Regeneration             Chrm/Necr      #.........   58%         3    None
 Tukima's Dance           Hex            #.......     58%         3    None
 Vampiric Draining        Necr           #.........   58%         3    None
 Iron Shot                Conj/Erth      ######....   67%         6    ######.
 Iskenderun's Battlesphe  Conj/Chrm      ####....     80%         5    #####..
 Venom Bolt               Conj/Pois      ####......   80%         5    #####..
 Animate Dead             Necr           N/A          94%         4    ###....
 Bolt of Cold             Conj/Ice       ####......   100%        6    ######.
 Orb of Destruction       Conj           #####.....   100%        7    #######
 Spellforged Servitor     Conj/Summ      ####......   100%        7    #######
 Ignition                 Fire           #####.....   100%        8    #######


Dungeon Overview and Level Annotations

Branches:
Dungeon (10/15)            Temple (1/1) D:4            Lair (4/6) D:8
 Shoals (0/4) Lair:4        Snake (0/4) Lair:4          Orc (0/2) D:10
Volcano (1/1)

Altars:
Ashenzari
Cheibriados
Dithmenos
Elyvilon
Fedhas
Gozag
Hepliaklqana
Kikubaaqudgha
Makhleb
Nemelex Xobeh
Okawaru
Qazlal
Ru
Sif Muna
Trog
Uskayaw
Vehumet
Wu Jian
Xom
Yredelemnul
Zin
The Shining One

Shops:
D:6 (*}%?   D:8 *

Portals:
Trove: D:10 (give +4 storm dragon scales)

Annotations:
D:10 exclusion: orange crystal statue


Innate Abilities, Weirdness & Mutations

You are resistant to torment.
Your stone body is resilient. (AC +9)
You are immune to poison.
You resist negative energy. (rN+)
You are resistant to electric shocks. (rElec)
You can survive without breathing.
You are immune to petrification.
You are immune to rotting.


Message History

Lightning courses through the salamander!!
The salamander is almost dead.
The salamander is no longer moving quickly.
You block the salamander's attack. The salamander barely misses you.
The salamander hits you but does no damage. x2
You hit the salamander but do no damage.
The salamander is almost dead.
The salamander closely misses you. You block the salamander's attack.
The salamander hits you.
* * * LOW HITPOINT WARNING * * *
You are engulfed in flames!
You resist.
* * * LOW HITPOINT WARNING * * *
Okay, then.
You feel better.
The salamander hits you from afar with a +2 halberd.
* * * LOW HITPOINT WARNING * * *
You are engulfed in flames.
You resist.
* * * LOW HITPOINT WARNING * * *
The salamander hits you from afar with a +2 halberd!
You die...

#### # ##### ###.§..
###. #...## ####...§≈.§
#.8..#....###8.....§§§≈
#._..'(∩.)'NN@...(§≈§§≈
#.8..#..(.###8....≈≈§≈≈
###. #...##
###...≈≈≈≈§§ # #####
##..≈≈≈≈§§§
##...≈≈§≈§≈≈
###..≈≈≈§§§§§§≈
#...§≈≈§≈≈≈≈≈§§
#...≈§≈§§§≈≈≈§≈§§§§§
##....≈≈§§§≈≈§§§§≈≈≈


You could see 2 salamanders.

Vanquished Creatures
  Josephine (D:10)
  Erolcha (D:10)
  2 hydras (Lair:2)
  Fannar (D:10)
  3 death yaks (D:8)
  Urug (Lair:1)
  Sonja (Lair:1)
  A salamander mystic (Volcano)
  Joseph (Lair:1)
  5 elephants (Lair:3)
  A salamander (Volcano)
  A centaur zombie (D:10)
  5 black mambas
  A spiny frog (Lair:3)
  A rime drake (Lair:4)
  3 komodo dragons
  A polar bear (Lair:3)
  8 blink frogs
  3 hippogriffs
  3 wraiths (D:10)
  12 yaks
  5 fire bats (Volcano)
  A basilisk (Lair:1)
  A human (D:7)
  2 hungry ghosts (D:10)
  Grum (D:10)
  4 hogs (D:7)
  2 water moccasins
  8 porcupines
  An orc warrior (D:8)
  3 ice beasts
  3 ogres
  4 sky beasts
  A black bear (D:8)
  9 wolves
  3 phantoms
  5 centaurs
  4 crocodiles
  5 bullfrogs
  A wyvern zombie (D:6)
  A wyvern skeleton (D:8)
  3 scorpions
  3 troll zombies (D:10)
  4 howler monkeys
  7 lava snakes (Volcano)
  A bullfrog zombie (D:8)
  2 crimson imps
  A quasit (D:8)
  A bullfrog skeleton (D:5)
  4 hounds
  3 jellies
  6 orc priests
  A gnoll shaman (D:4)
  2 iguanas (D:6)
  3 orc wizards (D:9)
  Jessica (D:8)
  5 worker ants
  5 ogre zombies (D:10)
  A hound zombie (D:6)
  3 hound skeletons
  A howler monkey zombie (D:9)
  A worker ant zombie (D:6)
  9 gnolls
  A howler monkey skeleton (D:6)
  8 adders
  3 shadow imps
  An ooze (D:2)
  2 adder zombies (D:9)
  An adder skeleton (D:10)
  2 worms (D:3)
  4 dart slugs
  5 leopard geckos
  21 orcs
  13 bats
  17 giant cockroaches
  2 gnoll zombies (D:7)
  5 hobgoblins
  16 jackals
  4 quokkas
  3 ball pythons
  10 frilled lizards
  11 goblins
  4 goblin zombies (D:10)
  2 hobgoblin skeletons (D:10)
  A hobgoblin zombie (D:10)
  A jackal skeleton (D:4)
  14 kobolds
  2 leopard gecko skeletons
  3 orc skeletons (D:10)
  15 orc zombies (D:10)
  9 rats
367 creatures vanquished.

Vanquished Creatures (others)
  An orc (D:8)
  5 toadstools (D:1)
6 creatures vanquished.

Grand Total: 373 creatures vanquished

Notes
Turn   | Place    | Note
-------+----------+-------------------------------------------
     0 | D:1      | MacrostheBlack the Gargoyle Earth Elementalist began the
                  | quest for the Orb.
     0 | D:1      | Reached XP level 1. HP: 10/10 MP: 3/3
    69 | D:1      | Reached XP level 2. HP: 10/15 MP: 0/5
   440 | D:1      | Reached XP level 3. HP: 19/19 MP: 3/6
   657 | D:1      | Learned a level 3 spell: Stone Arrow
  1305 | D:2      | Found a faded altar of an unknown god.
  1413 | D:2      | Reached skill level 5 in Earth Magic
  1762 | D:1      | Reached skill level 1 in Conjurations
  1830 | D:1      | Reached XP level 4. HP: 21/24 MP: 3/7
  2434 | D:2      | Found a bloodstained altar of Trog.
  2453 | D:2      | Reached XP level 5. HP: 28/28 MP: 5/9
  3232 | D:3      | Found a blossoming altar of Fedhas.
  3678 | D:3      | Found a burning altar of Makhleb.
  4683 | D:4      | Reached XP level 6. HP: 26/32 MP: 9/11
  4710 | D:4      | Found a staircase to the Ecumenical Temple.
  4717 | Temple   | Entered the Ecumenical Temple
  4811 | Temple   | Became a worshipper of Warmaster Okawaru
  4953 | D:4      | Reached skill level 1 in Shields
  5383 | D:4      | Found a sparkling altar of Nemelex Xobeh.
  5389 | D:4      | Noticed a phantom
  5422 | D:4      | Killed a phantom
  5422 | D:4      | Reached XP level 7. HP: 27/36 MP: 5/12
  5519 | D:4      | Learned a level 3 spell: Conjure Flame
  5821 | D:4      | Found a glowing golden altar of the Shining One.
  6009 | D:5      | Entered Level 5 of the Dungeon
  6070 | D:5      | Found a hide-covered altar of Uskayaw.
  6259 | D:5      | Reached * piety under Okawaru
  6259 | D:5      | Reached skill level 1 in Fire Magic
  6399 | D:5      | Reached XP level 8. HP: 41/41 MP: 11/14
  6410 | D:5      | Reached skill level 5 in Conjurations
  7044 | D:6      | Found an ancient bone altar of Kikubaaqudgha.
  7225 | D:6      | Found Yzos's Antique Weapon Emporium.
  7719 | D:6      | Found Zopoxied's General Store.
  7781 | D:6      | Found Kydo's Food Shoppe.
  7792 | D:6      | Found Lyfrud's Magic Scroll Shoppe.
  7797 | D:6      | Bought a scroll of teleportation for 33 gold pieces
  7840 | D:6      | Reached skill level 1 in Fighting
  7985 | D:6      | Found Lidyup's Gadget Emporium.
  8202 | D:6      | Bought a twisted trident for 221 gold pieces
  8202 | D:6      | Identified the +3 trident "Jetuaz" {elec, Int+2 Dex+6 SInv}
                  | (You bought it in a shop on level 6 of the Dungeon)
  8254 | D:7      | Reached skill level 1 in Armour
  8254 | D:7      | Reached skill level 5 in Spellcasting
  8382 | D:7      | Reached ** piety under Okawaru
  8608 | D:7      | Reached XP level 9. HP: 12/49 MP: 11/16
  8621 | D:7      | Reached *** piety under Okawaru
  8907 | D:7      | Got a dazzling flail
  8908 | D:7      | Identified the +5 flail "Kenogreth" {flame, rC++ MR+} (You
                  | found it on level 7 of the Dungeon)
  9275 | D:7      | Found a basalt altar of Yredelemnul.
  9483 | D:8      | Noticed a death yak
  9530 | D:8      | Got a translucent bronze ring
  9531 | D:8      | Identified the ring of Lifez {rPois Str+3 Int-5 Dex+6} (You
                  | found it on level 8 of the Dungeon)
  9609 | D:8      | Noticed a death yak
  9615 | D:8      | Noticed a death yak
  9628 | D:8      | Killed a death yak
  9628 | D:8      | Reached **** piety under Okawaru
  9628 | D:8      | Reached skill level 5 in Fighting
  9628 | D:8      | Reached XP level 10. HP: 17/59 MP: 6/18
  9913 | D:8      | Killed a death yak
 10292 | D:8      | Found a staircase to the Lair.
 10314 | D:8      | Killed a death yak
 10582 | D:8      | Noticed Jessica
 10586 | D:8      | Killed Jessica
 10592 | D:8      | Found a sparkling altar of Nemelex Xobeh.
 10988 | D:8      | Found Bajusiet's Demolitions Depot.
 11332 | D:9      | Reached skill level 5 in Fire Magic
 11332 | D:9      | Reached skill level 1 in Invocations
 11457 | D:9      | Found a shimmering altar of Xom.
 11540 | D:9      | Reached skill level 1 in Evocations
 11542 | D:9      | Reached ***** piety under Okawaru
 11905 | D:9      | Found a sacrificial altar of Ru.
 12179 | D:9      | Reached skill level 5 in Armour
 12230 | D:9      | Reached XP level 11. HP: 62/67 MP: 20/20
 12353 | D:10     | Entered Level 10 of the Dungeon
 12381 | D:10     | Reached skill level 1 in Maces & Flails
 12666 | D:10     | Found a staircase to the Orcish Mines.
 12896 | D:10     | Noticed Josephine
 12905 | D:10     | Killed Josephine
 12907 | D:10     | Received a gift from Okawaru
 12973 | D:10     | Noticed Erolcha
 12991 | D:10     | Killed Erolcha
 13294 | D:10     | Noticed Grum
 13312 | D:10     | Killed Grum
 13634 | D:10     | Noticed an orange crystal statue
 13696 | D:10     | Noticed Fannar
 13734 | D:10     | Killed Fannar
 13860 | D:10     | Found a portal to a secret trove of treasure.
 13970 | Lair:1   | Entered Level 1 of the Lair of Beasts
 14137 | Lair:1   | Noticed Sonja
 14159 | Lair:1   | Killed Sonja
 14362 | Lair:1   | Noticed Joseph
 14374 | Lair:1   | Killed Joseph
 14374 | Lair:1   | Reached XP level 12. HP: 70/75 MP: 16/22
 14501 | Lair:1   | Noticed Urug
 14528 | Lair:1   | Killed Urug
 14887 | Lair:2   | Noticed a five-headed hydra
 14891 | Lair:2   | Killed a five-headed hydra
 14891 | Lair:2   | Reached skill level 10 in Earth Magic
 14935 | Lair:2   | Reached skill level 5 in Maces & Flails
 15244 | Lair:2   | Received a gift from Okawaru
 16054 | Lair:3   | Noticed an eight-headed hydra
 16064 | Lair:2   | Killed an eight-headed hydra
 16214 | Lair:2   | Reached skill level 5 in Invocations
 16403 | Lair:3   | Reached skill level 10 in Fighting
 16652 | Lair:3   | Reached ****** piety under Okawaru
 17395 | Lair:3   | Identified Ygiarr's Compendium of the Damaging Arsonist
 17585 | Lair:4   | Found a staircase to the Shoals.
 17593 | Lair:4   | Reached XP level 13. HP: 79/83 MP: 8/23
 17753 | Lair:4   | Found a dark tunnel.
 17758 | Volcano  | Entered a volcano
 18331 | Volcano  | Found a burning altar of Makhleb.
 18364 | Volcano  | Slain by a salamander

Levels and vault maps discovered:
D:1:      ldierk_walled_garden, layout_rooms
D:2:      layout_basic, bloody_trog, chequers_ecumenical_altar_simple_redux
D:3:      minmay_roachtagon, layout_basic, lemuel_crystal_altar,
          lemuel_crystal_altar, corner_web_ring, dk_noncrumbling_4,
          minmay_misc_feat_enclosed, patterned_corridor
D:4:      layout_basic, kennysheep_little_box, minmay_temple_entry_wispy,
          tso_altar
D:5:      layout_loops_ring, overflow_temple_1_default, first_ration
D:6:      layout_loops_ring, kiku_gazebo_garden_becter, serial_shops,
          nicolae_shop_stone, nicolae_shop_competitors_out_of_business,
          nicolae_shop_behind_doors, shop_fountains,
          nicolae_shop_competitors_out_of_business
D:7:      layout_gridville, lemuel_zombie_altar_yredelemnul, grunt_livestock,
          st_stairs_9
D:8:      layout_basic, dpeg_lair_monsters, nicolae_blasting_shop,
          nemelex_lonely_heart_becter
D:9:      layout_stronghold, nicolae_overflow_hidden_temple,
          nicolae_overflow_crystal_walls
D:10:     layout_roguey, zombieorc2_lemuel, enter_trove_6, minivault_16,
          uniq_erolcha, uniq_josephine, uniq_fannar, uniq_grum
Temple:   nicolae_temple_figure_eight
Lair:1:   layout_big_grid, uniq_joseph, uniq_urug, uniq_sonja
Lair:2:   layout_chaotic_city, chequers_serial_rivers_micro_b
Lair:3:   layout_roguey, serial_bayou_shore_b, serial_bayou_shore_a,
          lemuel_fruit_tree, grunt_megastairs_3
Lair:4:   layout_long_grid, minmay_shoals_entry_centaurs,
          guppyfry_snake_entry_garden, enter_volcano_4
Volcano:  volcano_grotto [vgs_original]

Skill      XL: |  1  2  3  4  5  6  7  8  9 10 11 12 13 |
---------------+----------------------------------------+-----
Earth Magic    | 4 5 6 7 8 9 10 | 10.0
Conjurations   | 1 2 3 4 5 6 7 8 |  8.1
Spellcasting   | 3 4 5 6 7 |  7.0
Shields        | 1 3 4 |  4.0
Fire Magic     | 1 3 4 5 6 |  6.0
Fighting       | 2 5 7 8 10 | 10.8
Armour         | 1 3 5 6 7 |  7.5
Invocations    | 2 3 5 6 |  6.0
Evocations     | 1 3 4 |  4.0
Maces & Flails | 4 6 7 |  7.2
Dodging        | 3 |  3.3
Stealth        | |  2.1
Transmutations | |  0.7

Action                   |  1- 3 |  4- 6 |  7- 9 | 10-12 | 13-15 || total
-------------------------+-------+-------+-------+-------+-------++-------
Melee: Unarmed           |     3 |       |       |       |       ||     3
       Short sword       |     9 |       |       |       |       ||     9
       Dagger            |    21 |    78 |       |       |       ||    99
       Trident           |       |    87 |   121 |       |    80 ||   288
       Flail             |       |       |    20 |   278 |    34 ||   332
Throw: Stone             |       |       |       |       |     1 ||     1
 Cast: Sandblast         |    34 |    13 |    39 |   185 |     7 ||   278
       Stone Arrow       |    13 |    44 |    38 |    81 |    15 ||   191
       Conjure Flame     |       |       |     3 |    28 |       ||    31
Invok: Heroism           |       |       |       |     2 |     2 ||     4
       Finesse           |       |       |       |     1 |     1 ||     2
  Use: Scroll            |       |     3 |     5 |       |     1 ||     9
       Potion            |       |       |     3 |     1 |     1 ||     5
 Stab: Sleeping          |       |     4 |     7 |       |       ||    11
       Distracted        |       |       |       |     1 |       ||     1
  Eat: Chunk             |     5 |    17 |     7 |    16 |     3 ||    48
       Ration            |       |       |     2 |     3 |       ||     5
Armor: Robe              |    60 |    68 |    51 |    42 |       ||   221
       Scale mail        |       |       |       |   221 |   136 ||   357
Dodge: Dodged            |    65 |   115 |    90 |   204 |    87 ||   561
Block: Buckler           |       |     4 |    28 |    92 |    48 ||   172
